 Dungeon Crawl Stone Soup version 0.18.1-48-g4cf74bf (webtiles) character file.

635 BabyRage the Magician (level 7, -4/36 HPs)
             Began as a Deep Elf Wizard on July 12, 2016.
             Slain by an ice beast (12 damage)
             ... on level 4 of the Dungeon.
             The game lasted 00:12:35 (5009 turns).

BabyRage the Magician (Deep Elf Wizard)             Turns: 5009, Time: 00:12:35

Health: -4/36      AC:  7    Str:  4    XL:     7   Next: 25%
Magic:  28/28      EV: 12    Int: 25    God:
Gold:   263        SH:  0    Dex: 13    Spells: 5 memorised, 9 levels left

rFire  . . .     SeeInvis .     (no weapon)
rCold  . . .     Gourm    .     a - +0 robe
rNeg   . . .     Faith    .     (no shield)
rPois  .         Spirit   .     e - +1 helmet
rElec  .         Dismiss  .     (no cloak)
rCorr  .         Reflect  .     (no gloves)
SustAt .         Harm     .     (no boots)
MR     .....                    (no amulet)
Stlth  ++........               j - +3 ring of protection
                                r - ring of magical power

@: repel missiles, not resistant to hostile enchantments, unstealthy
A: no striking features
a: no special abilities


You were on level 4 of the Dungeon.
You were not hungry.

You visited 1 branch of the dungeon, and saw 5 of its levels.

You collected 263 gold pieces.

Inventory:

Armour
 a - a +0 robe (worn)
 e - a +1 helmet (worn)
Magical Staves
 m - an uncursed staff of poison
Jewellery
 j - a +3 ring of protection (right hand)
 l - an uncursed ring of see invisible
 r - a ring of magical power (left hand)
Wands
 n - a wand of slowing (48/48)
Scrolls
 i - a scroll of remove curse
Potions
 h - 2 potions of cancellation
 k - 2 potions of resistance
 q - a potion of ambrosia {unknown}
 s - 3 potions of might
 t - a potion of lignification
 v - a potion of flight {unknown}
Books
 c - a book of Minor Magic

   Spells                             Type                      Level
   a - Magic Dart                     Conjuration                  1
   b - Blink                          Translocation                2
   c - Call Imp                       Summoning                    2
   d - Repel Missiles                 Charms/Air                   2
   e - Slow                           Hexes                        2
   f - Conjure Flame                  Conjuration/Fire             3
   g - Mephitic Cloud                 Conjuration/Poison/Air       3
Comestibles
 b - 3 fruits
 d - 3 bread rations
 f - a beef jerky
 o - 3 meat rations


   Skills:
 - Level 2.4 Dodging
 - Level 2.4 Stealth
 + Level 7.2 Spellcasting
 * Level 7.2 Conjurations
   Level 1.1 Summonings
 - Level 1.1 Translocations


You had 9 spell levels left.
You knew the following spells:

 Your Spells              Type           Power        Failure   Level  Hunger
a - Magic Dart            Conj           ####         1%          1    None
b - Blink                 Tloc           N/A          10%         2    None
c - Repel Missiles        Chrm/Air       #.....       12%         2    None
d - Conjure Flame         Conj/Fire      ####....     6%          3    None
e - Mephitic Cloud        Conj/Pois/Air  ###.....     10%         3    None


Dungeon Overview and Level Annotations

Branches:
Dungeon (5/15)
 Temple: D:4-7

Altars:
Elyvilon
Nemelex Xobeh
The Shining One


Message History

Aim: an ice beast The magic dart hits the ice beast.
Casting: Magic Dart
Confirm with . or Enter, or press ? or * to list all spells.
Aiming: Magic Dart
Press: ? - help, Shift-Dir - straight line, f/p - ice beast
Aim: an ice beast The magic dart hits the ice beast.
The ice beast is moderately wounded.
The ice beast hits you. The ice beast freezes you!
You climb upwards.
There is a stone staircase leading down here.
The ice beast hits you. The ice beast freezes you!
* * * LOW HITPOINT WARNING * * *
Drink which item? (? for menu, Esc to quit)
Okay, then.
The ice beast hits you.
* * * LOW HITPOINT WARNING * * *
The ice beast freezes you!
You die...

##.....####..## ##...#
##.. ##.)###..##..##
#...####..# ##.###
##....## ##...##...##
##.## ##..## ##........##
##(.# ##..## ##........##
#..## ##....##
##..[......# ..##
##......###..........##
.##
##.#####..>............##
## #..#
##@......##......## ##
#.## #Y.....####.......
.# #.# #......####..#####
.## #.# #.......##...#
..## #.# #...........##
##.## #.## #....####...#
##.## #..# ##....# #####
##.###..#####.....#
######
#........#.......##
##....#


You could see an ice beast.

Vanquished Creatures
  2 ogres (D:4)
  A scorpion (D:4)
  An orc priest (D:4)
  Jessica (D:2)
  5 orc wizards
  Natasha (thrice) (D:4)
  7 adders
  A worm (D:3)
  2 adder skeletons (D:4)
  2 dart slugs
  A giant gecko (D:4)
  20 orcs
  2 ball pythons
  5 giant cockroaches
  5 goblins
  4 hobgoblins (D:1)
  2 jackals (D:3)
  3 kobolds
  3 quokkas
  4 bats
  3 giant newts (D:1)
  6 rats
83 creatures vanquished.

Notes
Turn   | Place    | Note
--------------------------------------------------------------
     0 | D:1      | BabyRage the Deep Elf Wizard began the quest for the Orb.
     0 | D:1      | Reached XP level 1. HP: 10/10 MP: 7/7
   389 | D:1      | Reached XP level 2. HP: 15/15 MP: 6/9
   393 | D:1      | Learned a level 2 spell: Blink
   396 | D:1      | Learned a level 2 spell: Repel Missiles
  1219 | D:2      | Reached XP level 3. HP: 19/19 MP: 8/11
  1227 | D:2      | Learned a level 3 spell: Conjure Flame
  1231 | D:2      | Learned a level 3 spell: Mephitic Cloud
  1318 | D:2      | Reached skill level 5 in Spellcasting
  1561 | D:2      | Noticed Jessica
  1565 | D:2      | Killed Jessica
  1565 | D:2      | Reached XP level 4. HP: 24/24 MP: 8/13
  1776 | D:2      | Found a sparkling altar of Nemelex Xobeh.
  2480 | D:3      | Reached XP level 5. HP: 28/28 MP: 9/15
  2628 | D:3      | Found a white marble altar of Elyvilon.
  2653 | D:3      | Found a glowing golden altar of the Shining One.
  2728 | D:3      | Found a faded altar to an unknown god.
  3030 | D:4      | Reached skill level 5 in Conjurations
  3381 | D:4      | Reached XP level 6. HP: 22/32 MP: 11/17
  3922 | D:4      | Noticed Natasha
  3933 | D:4      | Killed Natasha
  4043 | D:4      | Noticed Natasha
  4048 | D:4      | Killed Natasha
  4358 | D:4      | Reached XP level 7. HP: 36/36 MP: 11/19
  4526 | D:5      | Entered Level 5 of the Dungeon
  4541 | D:4      | Noticed Natasha
  4544 | D:4      | Killed Natasha
  5009 | D:4      | Slain by an ice beast

Skill      XL: |  1  2  3  4  5  6  7 |
---------------+----------------------+-----
Conjurations   | 2 3 4 5 6 7 |  7.2
Spellcasting   | 5 6 7 |  7.2
Dodging        | |  2.4
Stealth        | |  2.4
Summonings     | |  1.1
Translocations | |  1.1

Action                   |  1- 3 |  4- 6 |  7- 9 || total
-------------------------+-------+-------+-------++-------
 Cast: Magic Dart        |    70 |   151 |    23 ||   244
       Repel Missiles    |     1 |     1 |       ||     2
       Conjure Flame     |     1 |     8 |     1 ||    10
       Mephitic Cloud    |       |     1 |       ||     1
  Use: Scroll            |     3 |    11 |     2 ||    16
       Potion            |       |     1 |       ||     1
  Eat: Chunk             |     2 |     8 |     2 ||    12
Armor: Robe              |     1 |     3 |       ||     4
Dodge: Dodged            |     4 |    13 |     1 ||    18
       Deflected         |     1 |       |       ||     1
